AoeStats
← Quase Nada

Arabia

503858099Analyzed
2v2 RM · 29d ago on Sep 2, 2026· 37m 25s· 4 players
Game mode
Random Map
Map size
Medium (4 player)
Population
200
Speed
Normal
Resources
Standard
Victory
Conquest
Starting age
Dark Age
Ending age
Imperial Age
RankedLock teamsTeams togetherTeam positionsShared explorationLock speedFull tech treeHidden civsTurbo modeCheats
Victory
Defeat
🇧🇷 Burgundians · Brazil
962
+15
🇧🇷 Turks · Brazil
956
+15
🇮🇳 Romans · India
961
-16
🇮🇳 Khmer · India
906
-14
MrFox
7:51 Loom
9:57 Feudal Age
10:52 Double-Bit Axe
10:49 Horse Collar
17:50 Castle Age
16:40 Gold Mining
20:47 Bow Saw
23:39 Stone Mining
24:36 Gold Shaft Mining
24:07 Man-at-Arms
24:47 Squires
24:28 Pikeman
25:15 Long Swordsman
29:18 Elite Skirmisher
32:39 Imperial Age
35:25 Chemistry
scotchmalt
11:21 Feudal Age
13:09 Loom
16:31 Castle Age
20:44 Double-Bit Axe
24:22 Pikeman
25:53 Scale Barding Armor
26:19 Forging
28:03 Chain Barding Armor
29:39 Iron Casting
30:01 Husbandry
30:12 Bloodlines
O Cobra
2:15 Loom
11:42 Feudal Age
17:56 Castle Age
15:52 Double-Bit Axe
15:50 Horse Collar
16:43 Gold Mining
18:02 Cavalier
18:44 Husbandry
19:31 Heavy Plow
21:56 Forging
23:58 Stone Mining
28:39 Wheelbarrow
28:26 Bow Saw
30:42 Iron Casting
31:58 Husbandry
34:26 Hand Cart
39:04 Imperial Age
Quase Nada
10:16 Feudal Age
10:42 Loom
15:04 Castle Age
17:02 Horse Collar
17:39 Double-Bit Axe
18:33 Stone Mining
22:41 Gold Mining
22:56 Heavy Plow
23:13 Bow Saw
25:43 Wheelbarrow
33:05 Imperial Age
Connection lost

Rejoining the realm…

Still unreachable

The connection could not be restored.

Session expired

The server has moved on; the page needs a fresh start.